 Dungeon Crawl Stone Soup version 0.27.0-1-g7a089689b8 (webtiles) character file.

Game seed: 17920694020822461450

196 inmateoo the Ducker (level 5, -1/32 HPs)
             Began as a Tengu Warper on Aug 5, 2021.
             Was an Initiate of Gozag.
             Slain by a black bear (5 damage)
             ... on level 3 of the Dungeon.
             The game lasted 00:02:57 (3995 turns).

inmateoo the Ducker (Tengu Warper)                  Turns: 3995, Time: 00:02:57

Health: -1/32      AC:  7    Str: 12    XL:     5   Next: 74%
Magic:  9/9        EV: 12    Int: 13    God:    Gozag
Gold:   393        SH:  0    Dex: 14    Spells: 6/8 levels left

rFire    . . .     SeeInvis .   b - +0 scimitar
rCold    . . .     Faith    .   (no shield)
rNeg     . . .     Spirit   .   m - +0 scale mail
rPois    +         Reflect  .   (helmet restricted)
rElec    .         Harm     .   (no cloak)
rCorr    +         Rampage  .   h - +0 pair of gloves
Will     .....                  (boots unavailable)
Stlth    ..........             (no amulet)
HPRegen  0.10/turn              f - ring of resist corrosion
MPRegen  0.11/turn              i - ring of poison resistance

@: flying quickly and evasively, quick
A: beak, talons 3, nimble flight
a: Renounce Religion, Potion Petition, Call Merchant, Bribe Branch


You were on level 3 of the Dungeon.
You worshipped Gozag.
Gozag was aware of your devotion.
You visited 1 branch of the dungeon, and saw 4 of its levels.

You collected 410 gold pieces.
You paid 17 gold pieces to Gozag.

Inventory:

Hand Weapons
 b - a +0 scimitar (weapon)
Missiles
 d - 5 boomerangs of dispersal (quivered)
Armour
 h - a +0 pair of gloves (worn)
 m - a +0 scale mail (worn)
Jewellery
 f - a ring of resist corrosion (left hand)
 i - a ring of poison resistance (right hand)
Scrolls
 c - a scroll of blinking
Potions
 e - a potion of curing
 g - 2 potions of lignification {unknown}
 l - 2 potions of invisibility {unknown}


   Skills:
 + Level 3.5 Fighting
 + Level 3.9 Long Blades
 - Level 1.0 Throwing
 - Level 2.0 Armour
 + Level 3.9 Dodging
 - Level 2.0 Spellcasting
 - Level 2.4 Translocations


You had 6 spell levels left.
You knew the following spells:

 Your Spells              Type           Power      Damage    Failure   Level
a - Blink                 Tloc           N/A        N/A       58%         2

Your spell library contained the following spells:

 Spells                   Type           Power      Damage    Failure   Level
 Gell's Gravitas          Tloc           3%         N/A       83%         3
 Lesser Beckoning         Tloc           3%         N/A       83%         3
 Teleport Other           Tloc           7%         N/A       83%         3
 Manifold Assault         Tloc           7%         N/A       100%        5


Dungeon Overview and Level Annotations

Branches:
Dungeon (4/15)
 Temple: D:4-7

Altars:
Dithmenos
Gozag
Uskayaw
Zin


Innate Abilities, Weirdness & Mutations

You have a beak for a mouth.
You have claws for feet.
Your magical nature lets you fly swiftly and evasively.


Message History

There is a stone staircase leading up here.
The black bear bites you but does no damage.
The black bear closely misses you. The black bear completely misses you.
You fly upwards.
There is a stone staircase leading down here.
You completely miss the black bear. You claw the black bear.
The black bear is lightly wounded.
The black bear bites you but does no damage.
The black bear claws you but does no damage. x2
You closely miss the black bear. You claw the black bear.
The black bear is lightly wounded.
The black bear closely misses you.
The black bear claws you but does no damage.
The black bear closely misses you.
You hit the black bear. Your kick misses the black bear.
The black bear is moderately wounded.
The black bear bites you. The black bear claws you. x2
The black bear barely misses you.
You riposte.
You hit the black bear but do no damage.
You claw the black bear.
The black bear is heavily wounded.
The black bear claws you but does no damage.
The black bear claws you.
You closely miss the black bear. You claw the black bear.
You peck the black bear.
The black bear is almost dead.
The black bear goes berserk!
You hit the black bear. You peck the black bear.
The black bear is almost dead.
The black bear bites you. The black bear barely misses you.
The black bear claws you but does no damage.
The black bear closely misses you. The black bear claws you. x2
You are too injured to fight recklessly!
You barely miss the black bear. Your kick misses the black bear.
The black bear is almost dead.
The black bear bites you!
* * * LOW HITPOINT WARNING * * *
The black bear claws you.
You die...
Your body crumbles into a pile of gold.

##.......# #....#.[.#..)...
.....###.# #####..#.....#..####
.###.###.#####...#..#..#..#..####
##.............#.#..#............
.....###.###................[####
.....###.###.##.##.#####..#......
.........##...#.##........#######
##...######.#....#.######.##
.###.# #....#@#.# #...#
...).#######.#.#h#.# #)..#
##.......# #....(..# #...#
##.[.....# #.#.#.#######...#####
##.>.....###.#.#.###...........##
##..)........#..........:........
#.......#######.###...........##
##.......# #.# #####...#####
##.......# ##.# #...#


You could see a black bear (berserk).

Vanquished Creatures
  An orc wizard (D:3)
  7 gnolls
  An adder (D:2)
  4 dart slugs
  5 orcs
  6 bats
  8 endoplasms
  2 giant cockroaches
  6 goblins
  7 hobgoblins
  10 jackals
  2 quokkas (D:1)
  6 ball pythons
  2 frilled lizards
  7 kobolds
  5 rats
79 creatures vanquished.

Notes
Turn   | Place    | Note
-------+----------+-------------------------------------------
     0 | D:1      | inmateoo the Tengu Warper began the quest for the Orb.
     0 | D:1      | Reached XP level 1. HP: 12/12 MP: 4/4
     1 | D:1      | Noticed an electric eel
   143 | D:1      | Reached XP level 2. HP: 17/17 MP: 6/6
   146 | D:1      | Learned a level 2 spell: Blink
   621 | D:1      | Reached XP level 3. HP: 20/22 MP: 7/7
  1280 | D:2      | Found an opulent altar of Gozag.
  1293 | D:2      | Became a worshipper of Gozag Ym Sagoz the Greedy
  1318 | D:2      | Found a faded altar of an unknown god.
  1415 | D:2      | Reached XP level 4. HP: 14/27 MP: 8/8
  2567 | D:3      | Found a shadowy altar of Dithmenos.
  2569 | D:3      | Found a hide-covered altar of Uskayaw.
  2823 | D:2      | Gained mutation: Your magical nature lets you fly swiftly
                  | and evasively. [Tengu growth]
  2823 | D:2      | Reached XP level 5. HP: 13/32 MP: 9/9
  3552 | D:3      | Found a glowing silver altar of Zin.
  3977 | D:4      | Noticed a black bear
  3995 | D:3      | Slain by a black bear

Illustrated notes

Levels and vault maps discovered:
D:1:      arrival_aquarium_a, layout_loops_corners, item_on_display_a
D:2:      layout_loops_ring, basic_altar, hellmonk_ecumenical_altar_blasted,
          minmay_octomino_c4
D:3:      layout_loops_cross, minitemple, minmay_unequal
D:4:      layout_gridville, kennysheep_slug_shrine, uniq_ijyb

Skill      XL: |  1  2  3  4 |
---------------+-------------+-----
Armour         | 2 |  2.0
Long Blades    | 3 |  3.9
Dodging        | 3 |  3.9
Fighting       | 3 |  3.5
Throwing       | |  1.0
Spellcasting   | |  2.0
Translocations | |  2.4

Action                   |  1- 3 |  4- 6 || total
-------------------------+-------+-------++-------
Melee: Falchion          |    85 |    60 ||   145
       Kick              |    24 |    34 ||    58
       Peck              |    14 |    17 ||    31
       Scimitar          |       |    49 ||    49
  Use: Scroll            |       |     4 ||     4
 Stab: Distracted        |       |     2 ||     2
       Sleeping          |       |     1 ||     1
Armor: Leather armour    |    22 |    13 ||    35
       Scale mail        |       |    29 ||    29
Dodge: Dodged            |    69 |    87 ||   156
       Rpst.: Falchion   |    27 |    16 ||    43
       Scimitar          |       |    11 ||    11
